 Dungeon Crawl Stone Soup version 0.29-a0-334-gb41bcbb86e (webtiles) character file.

Game seed: 10812934857154311059

2256 siradein the Nimble (level 9, -11/71 HPs)
             Began as a Merfolk Gladiator on Apr 15, 2022.
             Was an Initiate of Gozag.
             Mangled by an orc warrior
             ... wielding a +0 battleaxe
              (18 damage)
             ... on level 7 of the Dungeon.
             The game lasted 00:13:44 (5519 turns).

siradein the Nimble (Merfolk Gladiator)             Turns: 5519, Time: 00:13:44

Health: -11/71     AC:  8    Str: 14    XL:     9   Next: 37%
Magic:  9/9        EV: 13    Int:  7    God:    Gozag
Gold:   778        SH:  0    Dex: 20    Spells: 8/8 levels left

rFire   + . .      SeeInvis .   q - +0 scimitar
rCold   . . .      Faith    .   w - +2 buckler
rNeg    . . .      Spirit   .   H - +0 scale mail {rF+}
rPois   .          Reflect  .   c - +0 helmet
rElec   .          Harm     .   (no cloak)
rCorr   +          Rampage  .   (no gloves)
Will    .....                   (no boots)
Stlth   ..........              f - amulet of regeneration
HPRegen 1.01/turn               l - ring of flight
MPRegen 0.11/turn               G - ring of resist corrosion

@: confused, flying
A: (nimble swimmer 2), mertail
a: Renounce Religion, Potion Petition, Call Merchant, Bribe Branch


You were on level 7 of the Dungeon.
You worshipped Gozag.
Gozag was pleased with you.
You visited 2 branches of the dungeon, and saw 8 of its levels.
You also visited: Ossuary.

You collected 883 gold pieces.
You paid 105 gold pieces to Gozag.

Inventory:

Hand Weapons
 q - a +0 scimitar (weapon)
Missiles
 d - 4 throwing nets
 e - a javelin
 s - 10 poisoned darts (quivered)
 v - 6 atropa-tipped darts
Armour
 c - a +0 helmet (worn)
 w - a +2 buckler (worn)
 H - a +0 scale mail of fire resistance (worn)
Jewellery
 b - an amulet of magic regeneration
 f - an amulet of regeneration (around neck)
 i - a ring of ice
 l - a ring of flight (left hand)
 G - a ring of resist corrosion (right hand)
Wands
 x - a wand of digging (5)
 z - a wand of acid (5)
 I - a wand of flame (7)
Scrolls
 a - 2 scrolls of noise {unknown}
 g - a scroll of summoning {unknown}
 h - 2 scrolls of fear
 j - 6 scrolls of teleportation
 k - a scroll of acquirement {unknown}
 n - 2 scrolls of fog {unknown}
 p - 2 scrolls of magic mapping {unknown}
 u - a scroll of enchant armour
 y - 3 scrolls of immolation
 F - 2 scrolls of blinking {unknown}
Potions
 m - a potion of brilliance
 o - 5 potions of heal wounds
 r - 2 potions of haste {unknown}
 t - a potion of mutation {unknown}
 A - 3 potions of lignification {unknown}
 B - a potion of might {unknown}
 C - a potion of degeneration {unknown}
 D - 3 potions of invisibility {unknown}
 E - a potion of flight {unknown}
 J - a potion of ambrosia {unknown}


   Skills:
 + Level 6.5 Fighting
 + Level 7.5 Long Blades
 - Level 2.0 Throwing
 + Level 4.0 Armour
 + Level 8.3 Dodging
 + Level 4.7 Shields


You had 8 spell levels left.
You didn't know any spells.
Your spell library contained the following spells:

 Spells                   Type           Power      Damage    Failure   Level
 Freeze                   Ice            0%         1d3       94%         1
 Frozen Ramparts          Ice            0%         1d2       100%        3
 Hailstorm                Conj/Ice       0%         3d3       100%        4


Dungeon Overview and Level Annotations

Branches:
Dungeon (7/15)             Temple (1/1) D:5         Ossuary (visited)

Altars:
Ashenzari
Cheibriados
Elyvilon
Fedhas
Gozag
Kikubaaqudgha
Makhleb
Sif Muna
Vehumet
Wu Jian
Xom
Yredelemnul
Zin
The Shining One

Shops:
D:1 [=*

Annotations:
D:3 3 runed translucent doors, Antichthon's ghost, amateur NaWr
D:4 2 runed translucent doors, FizzleBang's ghost, amateur KoBr


Innate Abilities, Weirdness & Mutations

((You are very nimble when in or above water. (Stealth+, EV+, Speed+++)))
Your lower body shifts to a powerful aquatic tail in water.


Message History

The orc warrior barely misses you.
The orc warrior is distracted by your dazzling golden aura.
The orc warrior shouts!
You bump into the rock wall.
The orc wizard gestures at you while chanting.
You easily resist.
The orc priest calls down the wrath of Beogh upon you.
Beogh smites you!
The orc warrior hits you with a +0 battleaxe!!
* * * LOW HITPOINT WARNING * * *
You bump into the rock wall.
The orc warrior is no longer distracted by gold.
An orc comes into view. It is wielding a +0 dagger.
The orc wizard hits you but does no damage.
The orc warrior hits you but does no damage.
The orc wizard casts a spell.
The orc wizard flickers and vanishes!
Deactivating autopickup; reactivate with Ctrl-A.
You completely miss the orc wizard.
The orc wizard gestures at you while chanting.
The puff of flame hits you but does no damage.
You resist. The orc warrior barely misses you.
You're too confused to move!
The orc wizard gestures at you while chanting.
The puff of flame hits you but does no damage.
You resist. The orc warrior misses you.
The orc wizard hits you but does no damage.
Unknown command.
You bump into the rock wall.
The orc wizard hits you with a +0 dagger.
* * * LOW HITPOINT WARNING * * *
The orc warrior hits you with a +0 battleaxe.
* * * LOW HITPOINT WARNING * * *
Unknown command.
You bump into the rock wall.
The orc wizard misses you.
The orc warrior hits you but does no damage.
The orc warrior attacks as you move away!
The orc warrior hits you with a +0 battleaxe!!
You die...
Your body crumbles into a pile of gold.

........o.$........
.....##..#.........
$
.....#..###........
#.....#####..$...
......#.o.co#......
....###...J{o......
....###..##o##....
... .....##o# .
..........o@#
......##...# ......
#.... .o.... ###...
$ ...... ..#..
###... .... ยง...


You could see 2 orc warriors, a centaur, a jelly, an orc wizard and 2 orcs.

Vanquished Creatures
  A water moccasin (D:6)
  2 sky beasts (D:6)
  4 black bears
  A centaur (D:5)
  3 phantoms
  2 bullfrogs
  3 scorpions (D:6)
  4 wights (D:6)
  2 howler monkeys
  A hound (D:3)
  3 orc priests (D:5)
  2 jellies
  3 iguanas
  3 orc wizards (D:5)
  15 mummies
  9 adders
  A shadow imp (D:6)
  An ufetubus (D:4)
  3 worms
  4 dart slugs
  17 orcs
  9 endoplasms
  3 giant cockroaches
  3 goblins
  8 hobgoblins
  3 jackals (D:3)
  3 kobolds
  2 quokkas
  3 ball pythons
  7 bats
  3 frilled lizards (D:3)
  2 gnoll skeletons (Ossuary)
  A goblin skeleton (Ossuary)
  2 hobgoblin zombies (D:5)
  A kobold skeleton (Ossuary)
  4 orc skeletons (Ossuary)
  A rat (D:1)
  11 rat skeletons (Ossuary)
150 creatures vanquished.

Vanquished Creatures (others)
  2 orcs (D:5)
2 creatures vanquished.

Grand Total: 152 creatures vanquished

Notes
Turn   | Place    | Note
-------+----------+-------------------------------------------
     0 | D:1      | siradein the Merfolk Gladiator began the quest for the Orb.
     0 | D:1      | Reached XP level 1. HP: 16/16 MP: 1/1
   161 | D:1      | Found a faded altar of an unknown god.
   180 | D:1      | Reached XP level 2. HP: 15/23 MP: 2/2
   200 | D:1      | Found Vamiq's Assorted Antiques.
   347 | D:1      | Found Taomerr's Jewellery Emporium.
   364 | D:1      | Found Utweas's Armour Boutique.
   723 | D:2      | Reached XP level 3. HP: 25/28 MP: 3/3
  1353 | D:2      | Reached skill level 1 in Armour
  1646 | D:3      | Found a runed translucent gate.
  1646 | D:3      | Found a runed translucent gate.
  1646 | D:3      | Found a runed translucent gate.
  1646 | D:3      | Noticed Antichthon's ghost (amateur NaWr)
  1651 | D:3      | Reached XP level 4. HP: 33/35 MP: 4/4
  1788 | D:3      | Reached skill level 5 in Dodging
  1788 | D:3      | Reached XP level 5. HP: 37/41 MP: 5/5
  2333 | D:4      | Found a large runed translucent door.
  2334 | D:4      | Found a large runed translucent door.
  2337 | D:4      | Noticed FizzleBang's ghost (amateur KoBr)
  2461 | D:4      | HP: 2/41 [hobgoblin (5)]
  2653 | D:4      | Reached skill level 1 in Shields
  2856 | D:4      | Noticed a black bear
  2872 | D:4      | Killed a black bear
  2873 | D:4      | Reached skill level 5 in Long Blades
  2873 | D:4      | Reached XP level 6. HP: 48/48 MP: 6/6
  3148 | D:5      | Entered Level 5 of the Dungeon
  3181 | D:5      | Found a staircase to the Ecumenical Temple.
  3190 | Temple   | Entered the Ecumenical Temple
  3250 | Temple   | Became a worshipper of Gozag Ym Sagoz the Greedy
  3385 | D:5      | Reached XP level 7. HP: 54/54 MP: 7/7
  3424 | D:5      | Found a sand-covered staircase.
  3432 | Ossuary  | Entered an ossuary
  3472 | Ossuary  | Reached skill level 6 in Dodging
  4008 | D:5      | Found a glowing silver altar of Zin.
  4122 | D:5      | Reached skill level 5 in Fighting
  4122 | D:5      | Reached XP level 8. HP: 37/62 MP: 8/8
  4211 | D:5      | Found a radiant altar of Vehumet.
  4316 | D:5      | Reached skill level 7 in Dodging
  4943 | D:6      | Reached XP level 9. HP: 55/69 MP: 9/9
  5090 | D:6      | Reached skill level 8 in Dodging
  5519 | D:7      | Mangled by an orc warrior

Illustrated notes

Levels and vault maps discovered:
D:1:      dpeg_arrival_prison, layout_loops_cross,
          dilly_ecumenical_altar_fadedgnrine, serial_shops, shop,
          nicolae_shop_crystal, nicolae_shop_hallway_stairs
D:2:      layout_basic, roderic_filled_cross
D:3:      layout_basic, gammafunk_ghost_split, lemuel_another_geyser
D:4:      layout_loops_corners, ebering_ghost_disaster_area
D:5:      layout_basic, marbit_many_paths, fiery_altar_vehumet, temple_pool_b,
          nicolae_ossuary_entry_giza
D:6:      layout_cave_pools
D:7:      layout_cave_pools, mainiacjoe_overflow_brackets,
          amethyst_overflow_temple_binary
Temple:   regret_index_temple_sphere_string

Skill      XL: |  1  2  3  4  5  6  7  8  9 |
---------------+----------------------------+-----
Long Blades    | 4 5 6 7 |  7.5
Armour         | 1 2 3 4 |  4.0
Fighting       | 3 4 5 6 |  6.5
Dodging        | 5 6 7 8 |  8.3
Shields        | 1 2 4 |  4.7
Throwing       | |  2.0

Action                   |  1- 3 |  4- 6 |  7- 9 || total
-------------------------+-------+-------+-------++-------
Melee: Long sword        |    90 |   118 |       ||   208
       Punch             |     1 |       |       ||     1
       Scimitar          |       |    24 |   337 ||   361
Throw: Dart              |       |     4 |       ||     4
  Use: Scroll            |       |     4 |     2 ||     6
Armor: Leather armour    |    17 |    19 |       ||    36
       Ring mail         |       |    27 |    42 ||    69
       Scale mail        |       |       |    41 ||    41
Dodge: Dodged            |    67 |   105 |   147 ||   319
Block: Buckler           |       |    38 |   106 ||   144

Table legend: (Time is in decaauts)
 A = Elapsed time spent in this place.
 B = Non-inter-level travel time spent in this place.
 C = Inter-level travel time spent in this place.
 D = Time resting spent in this place.
 E = Time spent auto-exploring this place.
 F = Levels seen in this place.
 G = Mean time per level.
                   A        B        C        D        E       F      G
               +--------+--------+--------+--------+--------+-----+--------+
         Total |   5585 |   5429 |    156 |     34 |   3830 |   9 |  620.6 |
       Dungeon |   4995 |   4839 |    156 |     34 |   3550 |   7 |  713.6 |
        Temple |     87 |     87 |      0 |      0 |      0 |   1 |   87.0 |
       Ossuary |    502 |    502 |      0 |      0 |    280 |   1 |  502.0 |
               +--------+--------+--------+--------+--------+-----+--------+

Top non-repeatable levels by time:
     D:5: 984 daAuts
     D:2: 962 daAuts
     D:4: 950 daAuts
     D:6: 785 daAuts
     D:1: 688 daAuts
     D:3: 579 daAuts
 Ossuary: 502 daAuts
  Temple: 87 daAuts
     D:7: 44 daAuts
